 Dungeon Crawl Stone Soup version 0.29.1-1-gd02db69 (webtiles) character file.

Game seed: 18259984764674234625

312 Timinator the Insei (level 5, 0/42 HPs)
             Began as a Demigod Transmuter on Jan 13, 2023.
             Slain by a two-headed ogre
             ... wielding a +0 giant spiked club
              (34 damage)
             ... on level 4 of the Dungeon.
             The game lasted 00:09:21 (3256 turns).

Timinator the Insei (Demigod Transmuter)            Turns: 3256, Time: 00:09:21

Health: 0/42       AC:  7    Str: 11    XL:     5   Next: 97%
Magic:  8/10       EV: 12    Int: 15    God:
Gold:   84         SH:  0    Dex: 18    Spells: 5/8 levels left

rFire   . . .      SeeInvis .     - Unarmed
rCold   . . .      Faith    .   (no shield)
rNeg    . . .      Spirit   .   e - +0 leather armour
rPois   +          Reflect  .   (helmet currently unavailable)
rElec   .          Harm     .   (no cloak)
rCorr   .          Rampage  .   (no gloves)
Will    .....                   (boots currently unavailable)
Stlth   +.........              (no amulet)
HPRegen 0.14/turn               j - +4 ring of protection
MPRegen 0.12/turn               g - ring of poison resistance

@: appendages (expiring), weakened, wereblooded, hasted, very quick
A: horns 2, talons 2, high MP 1, forlorn, divine attributes
a: End Transformation


You were on level 4 of the Dungeon.
You had temporarily grown beastly horns and talons.
You visited 1 branch of the dungeon, and saw 4 of its levels.

You collected 137 gold pieces.
You spent 53 gold pieces at shops.

Inventory:

Missiles
 h - 4 curare-tipped darts
 i - 29 poisoned darts (quivered)
Armour
 e - a +0 leather armour (worn)
 p - a +0 ring mail
 q - a +0 helmet (melded)
Jewellery
 c - a ring of protection from cold
 g - a ring of poison resistance (right hand)
 j - a +4 ring of protection (left hand)
Scrolls
 a - a scroll of teleportation
 f - 2 scrolls of enchant weapon {unknown}
 k - a scroll of acquirement {unknown}
 m - a scroll of brand weapon {unknown}
 n - 2 scrolls of magic mapping {unknown}
 r - 3 scrolls of poison {unknown}
 t - 2 scrolls of amnesia {unknown}
Potions
 b - a potion of lignification
 d - a potion of magic
 l - a potion of curing
 o - a potion of flight


   Skills:
 * Level 2.3 Fighting
 + Level 0.1 Throwing
 * Level 2.4 Armour
 * Level 2.5 Dodging
 * Level 4.2 Unarmed Combat
 - Level 2.0 Spellcasting
 + Level 2.6 Transmutations


You had 5 spell levels left.
You knew the following spells:

 Your Spells              Type           Power      Damage    Failure   Level
a - Beastly Appendage     Tmut           18%        N/A       10%         1
b - Wereblood             Tmut           9%         N/A       16%         2

Your spell library contained the following spells:

 Spells                   Type           Power      Damage    Failure   Level
 Magic Dart               Conj           4%         1d3       28%         1
 Call Imp                 Summ           1%         N/A       41%         2
 Spider Form              Tmut/Pois      5%         N/A       45%         3
 Mephitic Cloud           Conj/Pois/Air  1%         N/A       65%         3
 Ice Form                 Ice/Tmut       5%         N/A       86%         4


Dungeon Overview and Level Annotations

Branches:
Dungeon (4/15)
 Temple: D:4-7

Shops:
D:1 ?   D:4 *


Innate Abilities, Weirdness & Mutations

You have temporarily grown beastly horns and talons.
You have an increased reservoir of magic. (+10% MP)
You shall have no god before yourself.
Your divine heritage dramatically boosts your attributes as you level up.


Message History

Your blood is infused with primal strength.
The gnoll closely misses you.
You feel yourself speed up. The gnoll closely misses you.
The gnoll hits you but does no damage.
You hit the gnoll. You claw the gnoll.
The gnoll is almost dead.
You hit the gnoll.
You kill the gnoll!
The gnoll bouda gazes fiercely through you!
You feel your attacks grow feeble.
You hit the two-headed ogre but do no damage.
You headbutt the two-headed ogre, but do no damage.
You closely miss the two-headed ogre. You claw the two-headed ogre.
Your headbutt misses the two-headed ogre.
The two-headed ogre is lightly wounded.
The gnoll bouda barks out a call to the hunt!
The gnoll picks up the pace!
A gnoll comes into view. It is wielding a +0 spear.
The two-headed ogre closely misses you.
The two-headed ogre hits you with a +0 giant spiked club!
You barely miss the two-headed ogre. Your kick misses the two-headed ogre.
The two-headed ogre is lightly wounded.
You hit the two-headed ogre but do no damage.
You claw the two-headed ogre, but do no damage.
You headbutt the two-headed ogre, but do no damage.
You punch the two-headed ogre.
The two-headed ogre is lightly wounded.
The two-headed ogre closely misses you. The two-headed ogre barely misses you.
You hit the two-headed ogre. You claw the two-headed ogre.
You headbutt the two-headed ogre.
The two-headed ogre is moderately wounded.
You hit the two-headed ogre. You claw the two-headed ogre.
You headbutt the two-headed ogre.
The two-headed ogre is moderately wounded.
You hit the two-headed ogre. You headbutt the two-headed ogre.
The two-headed ogre is heavily wounded.
Your transformation is almost over.
The two-headed ogre hits you with a +0 giant spiked club!!
Ouch! That really hurt!
You die...

...#........###. ##.
#.##........... #.
..###....#...#####
## ..........#....#
.....###g.##.#.#
?....#.#..##.#.#
........gg#....#
.........#O...######
.
.......#.@.......##
..........#.......#
####..............#
#....#.##......#
#..>.+..'......##
##...####.......#
### #... #.......#
#.. #.. #######.#
#.. #.# #..


You could see a two-headed ogre, a gnoll bouda and 2 gnolls.

Vanquished Creatures
  A kobold brigand (D:4)
  A bullfrog (D:4)
  A howler monkey (D:4)
  Robin (D:3)
  2 adders (D:3)
  3 gnolls (D:4)
  2 worms
  3 dart slugs (D:1)
  2 ball pythons (D:2)
  10 bats
  7 endoplasms
  2 giant cockroaches
  15 goblins
  7 hobgoblins
  8 jackals
  2 kobolds
  2 quokkas (D:4)
  A frilled lizard (D:2)
  4 rats
74 creatures vanquished.

Vanquished Creatures (others)
  3 plants (D:1)
  3 withered plants (D:1)
6 creatures vanquished.

Grand Total: 80 creatures vanquished

Notes
Turn   | Place    | Note
-------+----------+-------------------------------------------
     0 | D:1      | Timinator the Demigod Transmuter began the quest for the
                  | Orb.
     0 | D:1      | Reached XP level 1. HP: 15/15 MP: 5/5
    41 | D:1      | Reached skill level 1 in Fighting
   206 | D:1      | Reached XP level 2. HP: 14/23 MP: 5/7
   209 | D:1      | Learned a level 2 spell: Wereblood
   413 | D:1      | Reached skill level 3 in Unarmed Combat
   781 | D:1      | Found Xuas's Magic Scroll Emporium.
   790 | D:1      | Bought a scroll of identify for 26 gold pieces
   873 | D:1      | Reached skill level 1 in Armour
  1091 | D:2      | Reached XP level 3. HP: 28/28 MP: 6/8
  1996 | D:3      | Noticed Robin
  2012 | D:3      | Reached XP level 4. HP: 31/36 MP: 1/9
  2033 | D:3      | Killed Robin
  2683 | D:4      | Found Umpuquek's Assorted Antiques.
  2733 | D:4      | Bought a bubbling pink potion for 27 gold pieces
  2852 | D:4      | Reached XP level 5. HP: 39/41 MP: 6/10
  2941 | D:4      | Reached skill level 4 in Unarmed Combat
  3237 | D:4      | Noticed a two-headed ogre
  3256 | D:4      | Slain by a two-headed ogre

Illustrated notes

Levels and vault maps discovered:
D:1:      ncdulo_smallfort, layout_rooms, shapermc_ecumenical_altar_flowoftime,
          serial_shops, nicolae_shop_crystal
D:2:      layout_basic
D:3:      layout_basic, mainiacjoe_overflow_tiny_flanked, tso_altar,
          kennysheep_generic_room_4, uniq_robin
D:4:      layout_basic, serial_shops, nicolae_square_shop

Skill      XL: |  1  2  3  4  5 |
---------------+----------------+-----
Fighting       | 1 2 |  2.3
Spellcasting   | 2 |  2.0
Unarmed Combat | 3 4 |  4.2
Armour         | 1 2 |  2.4
Transmutations | 2 |  2.6
Dodging        | 2 |  2.5
Throwing       | |  0.1

Action                   |  1- 3 |  4- 6 || total
-------------------------+-------+-------++-------
Melee: Unarmed           |   114 |    57 ||   171
       Kick              |    26 |    26 ||    52
       Headbutt          |    10 |    12 ||    22
       Punch             |     2 |     2 ||     4
Throw: Dart              |       |     7 ||     7
 Cast: Beastly Appendage |    29 |    13 ||    42
       Wereblood         |     3 |     4 ||     7
  Use: Scroll            |     4 |     2 ||     6
       Potion            |       |     1 ||     1
 Stab: Sleeping          |     3 |       ||     3
Armor: Leather armour    |    51 |    20 ||    71
       Robe              |     1 |       ||     1
Dodge: Dodged            |    68 |    34 ||   102
